 Dungeon Crawl Stone Soup version 0.32-a0-886-g41c5271027 (webtiles) character file.

Game seed: 11818260775731221477

51 Revguard the Sneak (level 3, -1/25 HPs)
             Began as an Octopode Brigand on Apr 2, 2024.
             Slain by Natasha (8 damage)
             ... on level 2 of the Dungeon.
             The game lasted 00:03:42 (1399 turns).

Revguard the Sneak (Octopode Brigand)               Turns: 1399, Time: 00:03:43

Health: -1/25      AC:  1    Str: 10    XL:     3   Next: 83%
Magic:  3/3        EV: 12    Int: 13    God:
Gold:   32         SH:  0    Dex: 15    Spells: 2/2 levels left

rFire   . . .        g - +1 dagger (venom)
rCold   . . .        (no shield)
rNeg    . . .        (helmet restricted)
rPois   .            (no amulet)
rElec   .            (no ring)
rCorr   .            (no ring)
SInv    .            (no ring)
Will    .....        (no ring)
Stlth   ++++         (no ring)
HPRegen 0.24/turn    (no ring)
MPRegen 0.08/turn    (no ring)
                     (no ring)

%: no passive effects
@: brilliant, lethally poisoned (-1 -> -5)
A: almost no armour, amphibious, 8 rings, camouflage 1, gelatinous body 1,
(nimble swimmer 1), tentacles
a: no special abilities


You were on level 2 of the Dungeon.
You visited 1 branch of the dungeon, and saw 2 of its levels.

You collected 32 gold pieces.

Inventory:

Hand Weapons
 a - a +2 dagger
 g - a +1 dagger of venom (weapon)
Missiles
 b - 9 poisoned darts (quivered)
 c - 3 curare-tipped darts
Scrolls
 d - a scroll of poison {unknown}
 e - 2 scrolls of identify {unknown}
 f - a scroll of teleportation {unknown}
 i - a scroll of amnesia {unknown}
 j - a scroll of acquirement {unknown}
 l - a scroll of brand weapon {unknown}
Potions
 k - a potion of lignification {unknown}


   Skills:
 + Level 2.4 Fighting
 + Level 2.3 Short Blades
 - Level 2.0 Throwing
 + Level 1.5 Dodging
 + Level 5.5 Stealth
 + Level 0.7 Shields
 + Level 0.3 Spellcasting
 + Level 0.3 Hexes
 + Level 0.9 Invocations
 + Level 1.0 Evocations


You had 2 spell levels left.
You didn't know any spells.
Your spell library was empty.

Dungeon Overview and Level Annotations

Branches:
Dungeon (2/15)

Altars:

Shops:
D:1 ::*(

Annotations:
D:2 Natasha


Innate Abilities, Weirdness & Mutations

You cannot wear most types of armour.
You are amphibious.
You can wear up to eight rings at the same time.
Your skin changes colour to match your surroundings (Stealth+).
Your rubbery body absorbs attacks. (AC +1, EV +1)
((You are camouflaged when in or above water. (Stealth+)))
You have tentacles for arms and can constrict up to eight enemies at once.


Message History

You constrict the hobgoblin. You hit the hobgoblin.
You kill the hobgoblin!
Things that are here:
a +0 plate armour; a hobgoblin corpse
Things that are here:
a +0 plate armour; a hobgoblin corpse You open the gate.
There is an open gate here.
An adder comes into view.
A hobgoblin comes into view.
The hobgoblin shouts!
The adder hisses angrily.
You hear an angry hiss.
The adder bites you.
You are poisoned.
The adder poisons you! The adder barely misses you.
You hit the adder. You grab the adder.
The adder is moderately wounded.
You constrict the adder.
You feel sick. The hobgoblin misses you. The adder bites you.
You are more poisoned.
The adder poisons you!
You hit the adder but do no damage.
The adder is poisoned.
The adder is heavily wounded.
You constrict the adder.
You feel sick. The hobgoblin hits you. The adder closely misses you.
You hit the adder.
You kill the adder!
You feel sick.
Natasha, Servant of Life and Death comes into view.
The hobgoblin barely misses you.
Your Evocations skill increases to level 1!
You hit the hobgoblin.
The hobgoblin is poisoned.
Your grab misses the hobgoblin.
The hobgoblin is almost dead.
You feel sick. Natasha closely misses you. The hobgoblin hits you.
It was a potion of brilliance.
You feel clever all of a sudden.
You feel sick. Natasha claws you!
You die...
Natasha begins licking her fur clean.

#≈ .. ≈≈# #.#. #..
..#... #.# # #
#.#.#.#.
#.#.#.#.#.#.#...
.#.#.#.#^#.#.#..
..#hg.#...#...#
.#.#@#.#.#.#.#≈
#...#.#.#...#§≈
#≈≈#.#.#.#.#§#≈≈# #
§≈#...#...#≈≈#
##≈≈#.#.#.#≈≈#
##§≈#...#≈≈######
##§≈...≈§##.[..#####
###'''######.......
#..................


You could see Natasha and a hobgoblin (very poisoned).

Vanquished Creatures
  2 adders (D:2)
  6 endoplasms
  2 giant cockroaches (D:1)
  3 hobgoblins
  4 kobolds (D:1)
  2 quokkas
  A ball python (D:1)
  2 bats
  A frilled lizard (D:1)
  5 goblins (D:1)
  2 rats (D:1)
30 creatures vanquished.

Notes
Turn   | Place    | Note
-------+----------+-------------------------------------------
     0 | D:1      | Revguard the Octopode Brigand began the quest for the Orb.
     0 | D:1      | Reached XP level 1. HP: 14/14 MP: 1/1
    90 | D:1      | Reached XP level 2. HP: 11/19 MP: 2/2
   324 | D:1      | Found Rumenos's Weapon Boutique.
   447 | D:1      | Found Iliepn's Book Emporium.
   530 | D:1      | Found Xyplafof's General Store.
   661 | D:1      | Found Xyom's Book Shoppe.
   906 | D:1      | Reached XP level 3. HP: 24/24 MP: 3/3
  1397 | D:2      | Noticed Natasha
  1398 | D:2      | Reached skill level 1 in Evocations
  1399 | D:2      | Slain by Natasha

Illustrated notes

Levels and vault maps discovered:
D:1:      lightli_arrival_windingriver, layout_basic, serial_shops, shop, shop,
          nicolae_shop_rolling_square, shop_fountains, serial_bayou_pond_d,
          chequers_serial_rivers_micro_e
D:2:      layout_basic, shapermc_ecumenical_altar_petra,
          kennysheep_cluttered_room, uniq_natasha

Skill      XL: |  1  2  3 |
---------------+----------+-----
Evocations     | 1 |  1.0
Fighting       | |  2.4
Short Blades   | |  2.3
Throwing       | |  2.0
Dodging        | |  1.5
Stealth        | |  5.5
Shields        | |  0.7
Spellcasting   | |  0.3
Hexes          | |  0.3
Invocations    | |  0.9

Action                     || total
---------------------------++-------
  Melee: Dagger            ||    51
         Constrict         ||    10
         Tentacles         ||     6
    Use: Potion            ||     1
   Stab: Sleeping          ||    12
 Armour: Skin              ||    17
  Dodge: Dodged            ||    23

Table legend: (Time is in decaauts)
 A = Elapsed time spent in this place.
 B = Non-inter-level travel time spent in this place.
 C = Inter-level travel time spent in this place.
 D = Time resting spent in this place.
 E = Time spent auto-exploring this place.
 F = Levels seen in this place.
 G = Mean time per level.
                   A        B        C        D        E       F      G
               +--------+--------+--------+--------+--------+-----+--------+
         Total |   1392 |   1339 |     53 |      0 |   1114 |   2 |  696.0 |
       Dungeon |   1392 |   1339 |     53 |      0 |   1114 |   2 |  696.0 |
               +--------+--------+--------+--------+--------+-----+--------+

Top non-repeatable levels by time:
     D:1: 1156 daAuts
     D:2: 236 daAuts
